Avalanche vs Flames (R1)

Created - 12 décembre 2015 at 22:14

Goals
1 2 3 T
Avalanche 0 1 4 5
Flames 1 1 4 6
Shots
1 2 3 T
Avalanche 14 11 13 38
Flames 14 4 12 30

1st period

1. Flames , Eric Staal 12 (Alexander Semin, Ron Hainsey) at 14:32

Penalties :
No Penalty

2nd period

2. Flames , Milan Hejduk 8 (Marcel Goc) at 11:37
3. Avalanche , Corey Perry 11 (Randy Jones, Mike Comrie) at 14:03

Penalties :
Pernell Karl Subban (Col) for Cross-checking (Minor) at 2:47, Bryan Little (Col) for Holding Stick (Minor) at 7:38, Alexander Semin (Cal) for Roughing (Minor) at 14:22, Ryan Getzlaf (Col) for Hooking (Minor) at 16:54

3rd period

4. Avalanche , Brandon Yip 7 (Mikkel Boedker, Pernell Karl Subban) at 0:50
5. Flames , Jordin Tootoo 7 (Marcel Goc, Steve Eminger) at 1:26
6. Avalanche , Ryan Getzlaf 10 (Corey Perry) at 3:56 (PP)
7. Avalanche , Chuck Kobasew 3 (Pernell Karl Subban, Corey Perry) at 6:19
8. Flames , David Backes 12 (Filip Kuba) at 7:10
9. Flames , Colin Wilson 4 (Brad Marchand, Craig Adams) at 11:32
10. Flames , Eric Staal 13 (Alexander Semin, David Backes) at 11:46
11. Avalanche , Bryan Little 13 (Mikkel Boedker, Max Pacioretty) at 13:34 (PP)

Penalties :
Milan Hejduk (Cal) for Tripping (Minor) at 3:53, Filip Kuba (Cal) for High sticking (Minor) at 4:09, Bryan Little (Col) for Hooking (Minor) at 9:12, Alexander Semin (Cal) for Goalie Interference (Minor) at 12:50, Steve Regier (Cal) for Slashing (Minor) at 15:25, Derek Meech (Cal) for Holding Stick (Minor) at 18:52

Goalie Stats

Jimmy Howard (Col), 24 saves from 30 shots - (0,800), L, 9-9-4, 58:45 minutes
Pekka Rinne (Cal), 33 saves from 38 shots - (0,868), W, 16-7-2, 60:00 minutes

Players Stats for Avalanche

Player Name              G  A  P  +/- PIM S  H  SB GA TA FO     MP     PP MP  PK MP  
------------------------------------------------------------------------------------
Andrew Ladd              0  0  0  -1  0   1  0  1  0  0  0/0    11:25   0:02   2:52 
Brandon Yip              1  0  1  -2  0   2  1  0  0  0  1/2    13:36   0:02   0:00 
Bryan Little             1  0  1  -3  4   6  3  0  0  1  8/17   18:47   4:08   1:01 
Chuck Kobasew            1  0  1  -1  0   1  1  0  0  0  0/0    10:23   0:00   2:19 
Corey Perry              1  2  3   1  0   7  0  0  0  1  2/3    18:02   3:41   0:00 
Jack Johnson             0  0  0  -2  0   2  2  3  0  2  0/0    27:34   4:16   4:27 
Marc Staal               0  0  0  -3  0   2  1  1  0  1  0/0    26:52   4:16   3:29 
Max Pacioretty           0  1  1   0  0   3  0  0  1  0  0/1    12:27   4:08   0:37 
Michal Handzus           0  0  0   1  0   1  0  0  0  1  2/3     9:22   0:02   0:47 
Mike Comrie              0  1  1   0  0   3  1  1  0  0  16/32  18:48   0:00   4:10 
Mikkel Boedker           0  2  2  -2  0   2  2  1  0  0  0/0    17:06   4:08   0:00 
Nick Palmieri            0  0  0   0  0   0  2  0  1  1  0/1     7:42   0:00   0:00 
Pernell Karl Subban      0  2  2   0  2   2  0  1  1  0  0/0    16:02   3:35   0:00 
Randy Jones              0  1  1  -1  0   0  2  0  0  0  0/0    16:23   0:00   3:29 
Ryan Getzlaf             1  0  1  -2  2   2  1  1  1  0  5/8    11:54   3:41   0:00 
Ryan Smyth               0  0  0   0  0   4  1  0  0  1  0/1    22:29   3:41   4:06 
Sergei Gonchar           0  0  0   0  0   0  0  1  0  1  0/0    16:44   3:35   0:00 
Shane O'Brien            0  0  0   0  0   0  0  3  0  0  0/0    16:24   0:00   4:27 

Players Stats for Flames

Player Name              G  A  P  +/- PIM S  H  SB GA TA FO     MP     PP MP  PK MP  
------------------------------------------------------------------------------------
Alexander Semin          0  2  2   2  4   4  3  0  1  0  0/0    20:28   4:18   0:31 
Brad Marchand            0  1  1   1  0   1  1  0  0  0  2/2     9:06   0:00   0:49 
Colin Wilson             1  0  1   1  0   1  0  0  0  0  0/1     8:08   0:00   0:02 
Craig Adams              0  1  1   1  0   0  0  0  0  0  0/0     8:11   0:00   0:00 
David Backes             1  1  2   2  0   4  1  0  2  0  3/4    21:58   4:18   2:20 
Derek Meech              0  0  0   1  2   0  0  2  0  0  0/0    14:05   3:07   0:00 
Eric Staal               2  0  2   2  0   5  1  2  2  0  22/43  24:23   4:18   4:45 
Erik Johnson             0  0  0   0  0   1  0  0  1  0  0/0    23:14   4:49   3:40 
Filip Kuba               0  1  1   3  2   1  0  0  2  1  0/0    25:16   4:49   0:00 
Joe Corvo                0  0  0  -1  0   0  2  2  0  0  0/0    16:26   0:00   3:40 
Jordin Tootoo            1  0  1   0  0   3  2  0  0  0  0/0    19:23   3:38   4:36 
Marcel Goc               0  2  2   0  0   3  1  0  0  0  5/12   13:59   0:00   2:39 
Mark Bell                0  0  0   0  0   1  0  0  0  0  0/0    14:47   3:38   0:00 
Milan Hejduk             1  0  1   0  2   3  2  0  0  0  0/0     9:21   0:00   0:00 
Patrik Berglund          0  0  0   0  0   0  1  0  0  0  2/6    12:55   3:38   0:00 
Ron Hainsey              0  1  1   1  0   1  0  1  1  1  0/0    18:17   3:07   4:11 
Steve Eminger            0  1  1   2  0   1  0  1  0  1  0/0    22:40   0:00   4:11 
Steve Regier             0  0  0   0  2   1  1  0  0  1  0/0     9:26   0:00   0:00 

3 Stars

1 - Eric Staal (Cal)
2 - Corey Perry (Col)
3 - David Backes (Cal)

Power Play

Avalanche - 2 on 6 Attempt(s) - 33,33%
Flames - 0 on 4 Attempt(s) - 0,00%

Penalty Kill

Avalanche - 4 on 4 Attempt(s) - 100,00% - Score 0 goal in Penalty Kill
Flames - 4 on 6 Attempt(s) - 66,67% - Score 0 goal in Penalty Kill

Team Stat

Avalanche - Hits : 17 - Faceoff Wins : 34 - Blocked Shots : 13 - Penalty Minutes : 8
Flames - Hits : 15 - Faceoff Wins : 34 - Blocked Shots : 8 - Penalty Minutes : 12

Official

Referees : Ciamaga Chris and Rooney Chris
Linesman : Mark Wheler and Jonny Murray

Game Notes

No Game Note

Finance

Level 1 -- Attendance: 5251 (87,52%) -- Ticket Income 462 088 $
Level 2 -- Attendance: 4262 (85,24%) -- Ticket Income 242 934 $
Level 3 -- Attendance: 1543 (77,15%) -- Ticket Income 50 919 $
Level 4 -- Attendance: 2800 (70,00%) -- Ticket Income 67 200 $
Luxury Box -- Attendance: 708 (70,80%) -- Ticket Income 143 724 $
Game was played at the Metal Center'
Total Attendance: 14564 (80,91%)
Total Ticket Income: 966 865 $
Other Income: 145 030 $
Total Income: 1 111 895 $

Avalanche

5 vs 5 Forward 
   Center                   Left Wing                Right Wing               Time % Phy DF OF 
 1 Mike Comrie              Ryan Smyth               Corey Perry              35     1   2  2  
 2 Bryan Little             Mikkel Boedker           Brandon Yip              30     1   2  2  
 3 Ryan Getzlaf             Andrew Ladd              Chuck Kobasew            20     1   2  2  
 4 Michal Handzus           Max Pacioretty           Nick Palmieri            15     1   2  2  

5 vs 5 Defense 
   Defense                  Defense                                           Time % Phy DF OF 
 1 Marc Staal               Jack Johnson                                      40     1   2  2  
 2 Shane O'Brien            Pernell Karl Subban                               30     1   2  2  
 3 Randy Jones              Sergei Gonchar                                    30     1   2  2  
 4 Marc Staal               Jack Johnson                                      0      1   2  2  

PowerPlay Forward 
   Center                   Left Wing                Right Wing               Time % Phy DF OF 
 1 Ryan Getzlaf             Ryan Smyth               Corey Perry              55     1   2  2  
 2 Bryan Little             Mikkel Boedker           Max Pacioretty           45     1   2  2  

PowerPlay Defense
   Defense                  Defense                                           Time % Phy DF OF 
 1 Marc Staal               Jack Johnson                                      55     1   2  2  
 2 Sergei Gonchar           Pernell Karl Subban                               45     1   2  2  

Penalty Kill 4 Players Forward 
   Center                   Wing                     Time % Phy DF OF 
 1 Mike Comrie              Ryan Smyth               60     1   2  2  
 2 Mike Comrie              Bryan Little             40     1   2  2  

Penalty Kill 4 Players Defense
   Defense                  Defense                  Time % Phy DF OF 
 1 Jack Johnson             Shane O'Brien            60     1   2  2  
 2 Randy Jones              Marc Staal               40     1   2  2  

Penalty Kill - 3 Players Forward 
   Forward                                           Time % Phy DF OF 
 1 Corey Perry                                       60     1   2  2  
 2 Ryan Smyth                                        40     1   2  2  

Penalty Kill - 3 Players Defense
   Defense                  Defense                  Time % Phy DF OF 
 1 Marc Staal               Jack Johnson             60     1   2  2  
 2 Shane O'Brien            Pernell Karl Subban      40     1   2  2  

4 vs 4 Forward 
   Center                   Wing                     Time % Phy DF OF 
 1 Corey Perry              Ryan Smyth               60     1   2  2  
 2 Mike Comrie              Bryan Little             40     1   2  2  

4 vs 4 Defense
   Defense                  Defense                  Time % Phy DF OF 
 1 Marc Staal               Jack Johnson             60     1   2  2  
 2 Shane O'Brien            Pernell Karl Subban      40     1   2  2  

Last Minutes Offensive
   Center                   Left Wing                Right Wing               Defense                  Defense                  
   Bryan Little             Ryan Smyth               Corey Perry              Marc Staal               Jack Johnson             

Last Minutes Defensive
   Center                   Left Wing                Right Wing               Defense                  Defense                  
   Mike Comrie              Ryan Smyth               Corey Perry              Marc Staal               Jack Johnson             

Goaltenders
Starting : Jimmy Howard             
Backup : Semyon Varlamov          

Extra Forwards
Normal : Ryan Getzlaf, Michal Handzus, Chuck Kobasew - PP : Ryan Getzlaf, Michal Handzus - PK : Chuck Kobasew
Extra Defensemen
Normal : Randy Jones, Sergei Gonchar, Pernell Karl Subban - PP : Randy Jones - PK : Sergei Gonchar, Pernell Karl Subban
Penalty Shots
Corey Perry, Ryan Smyth, Mike Comrie, Bryan Little, Ryan Getzlaf

Flames

5 vs 5 Forward 
   Center                   Left Wing                Right Wing               Time % Phy DF OF 
 1 Eric Staal               Alexander Semin          David Backes             39     1   2  2  
 2 Marcel Goc               Mark Bell                Jordin Tootoo            30     1   2  2  
 3 Patrik Berglund          Steve Regier             Milan Hejduk             21     1   2  2  
 4 Colin Wilson             Brad Marchand            Craig Adams              10     1   2  2  

5 vs 5 Defense 
   Defense                  Defense                                           Time % Phy DF OF 
 1 Filip Kuba               Steve Eminger                                     40     1   2  2  
 2 Joe Corvo                Erik Johnson                                      30     1   2  2  
 3 Derek Meech              Ron Hainsey                                       20     1   2  2  
 4 Filip Kuba               Erik Johnson                                      10     1   2  2  

PowerPlay Forward 
   Center                   Left Wing                Right Wing               Time % Phy DF OF 
 1 Eric Staal               Alexander Semin          David Backes             60     1   2  2  
 2 Patrik Berglund          Mark Bell                Jordin Tootoo            40     1   2  2  

PowerPlay Defense
   Defense                  Defense                                           Time % Phy DF OF 
 1 Filip Kuba               Erik Johnson                                      60     1   2  2  
 2 Derek Meech              Ron Hainsey                                       40     1   2  2  

Penalty Kill 4 Players Forward 
   Center                   Wing                     Time % Phy DF OF 
 1 Eric Staal               Jordin Tootoo            60     1   3  1  
 2 Marcel Goc               David Backes             40     1   3  1  

Penalty Kill 4 Players Defense
   Defense                  Defense                  Time % Phy DF OF 
 1 Ron Hainsey              Steve Eminger            60     1   3  1  
 2 Joe Corvo                Erik Johnson             40     1   3  1  

Penalty Kill - 3 Players Forward 
   Forward                                           Time % Phy DF OF 
 1 Eric Staal                                        60     1   4  0  
 2 David Backes                                      40     1   4  0  

Penalty Kill - 3 Players Defense
   Defense                  Defense                  Time % Phy DF OF 
 1 Derek Meech              Steve Eminger            60     1   4  0  
 2 Joe Corvo                Erik Johnson             40     1   4  0  

4 vs 4 Forward 
   Center                   Wing                     Time % Phy DF OF 
 1 Eric Staal               Alexander Semin          60     1   2  2  
 2 Marcel Goc               David Backes             40     1   2  2  

4 vs 4 Defense
   Defense                  Defense                  Time % Phy DF OF 
 1 Filip Kuba               Steve Eminger            60     1   2  2  
 2 Joe Corvo                Erik Johnson             40     1   2  2  

Last Minutes Offensive
   Center                   Left Wing                Right Wing               Defense                  Defense                  
   Eric Staal               Alexander Semin          David Backes             Filip Kuba               Steve Eminger            

Last Minutes Defensive
   Center                   Left Wing                Right Wing               Defense                  Defense                  
   Eric Staal               Alexander Semin          David Backes             Filip Kuba               Steve Eminger            

Goaltenders
Starting : Pekka Rinne              
Backup : Craig Anderson           

Extra Forwards
Normal : Alexander Semin, Craig Adams, Steve Regier - PP : Jordin Tootoo, Steve Regier - PK : David Backes
Extra Defensemen
Normal : Erik Johnson, Joe Corvo, Ron Hainsey - PP : Filip Kuba - PK : Erik Johnson, Ron Hainsey
Penalty Shots
Eric Staal, Alexander Semin, David Backes, Colin Wilson, Patrik Berglund

% Time on Ice - Avalanche

Lines # - Real PCT - Wanted PCT - Time Play
Normal Forward
1 - 35% - 35% - 15:29
2 - 30% - 30% - 13:18
3 - 17% - 20% - 7:44
4 - 17% - 15% - 7:42
Normal Defense
1 - 40% - 40% - 17:42
2 - 28% - 30% - 12:33
3 - 29% - 30% - 12:49
4 - 3% - 0% - 1:09
PP Forward
1 - 47% - 55% - 3:43
2 - 53% - 45% - 4:08
PP Defense
1 - 54% - 55% - 4:16
2 - 46% - 45% - 3:35
PK Forward
1 - 82% - 60% - 6:28
2 - 18% - 40% - 1:28
PK Defense
1 - 56% - 60% - 4:27
2 - 44% - 40% - 3:29
PK3 Forward
1 - 0% - 60%
2 - 0% - 40%
PK3 Defense
1 - 0% - 60%
2 - 0% - 40%
44 Forward
1 - 0% - 60%
2 - 0% - 40%
44 Defense
1 - 0% - 60%
2 - 0% - 40%
Last Minute Offensive  - 0:00
Last Minute Defensive  - 0:00
Total
Forward - 60:00
Defense - 60:00

% Time on Ice - Flames

Lines # - Real PCT - Wanted PCT - Time Play
Normal Forward
1 - 35% - 39% - 15:41
2 - 25% - 30% - 11:09
3 - 21% - 21% - 9:22
4 - 18% - 10% - 8:01
Normal Defense
1 - 43% - 40% - 18:54
2 - 30% - 30% - 13:27
3 - 22% - 20% - 9:46
4 - 5% - 10% - 2:06
PP Forward
1 - 54% - 60% - 4:18
2 - 46% - 40% - 3:38
PP Defense
1 - 61% - 60% - 4:49
2 - 39% - 40% - 3:07
PK Forward
1 - 83% - 60% - 6:31
2 - 17% - 40% - 1:20
PK Defense
1 - 53% - 60% - 4:11
2 - 47% - 40% - 3:40
PK3 Forward
1 - 0% - 60%
2 - 0% - 40%
PK3 Defense
1 - 0% - 60%
2 - 0% - 40%
44 Forward
1 - 0% - 60%
2 - 0% - 40%
44 Defense
1 - 0% - 60%
2 - 0% - 40%
Last Minute Offensive  - 0:00
Last Minute Defensive  - 0:00
Total
Forward - 60:00
Defense - 60:00

Play by Play

1st period


0:01 of 1st period - Eric Staal wins face-off versus Mike Comrie in neutral zone.
2:18 of 1st period - Wrist shot by Milan Hejduk.
2:18 of 1st period - Stopped by Jimmy Howard without a rebound.
2:19 of 1st period - Mike Comrie wins face-off versus Patrik Berglund in Avalanche zone.
2:44 of 1st period - Slapshot by Milan Hejduk.
2:44 of 1st period - Stopped by Jimmy Howard with a rebound.
2:46 of 1st period - Snap shot by Steve Regier.
2:46 of 1st period - Shot Misses the Net.
3:25 of 1st period - Erik Johnson is hit by Randy Jones and loses puck.
3:54 of 1st period - Off-side.
3:55 of 1st period - Bryan Little wins face-off versus Eric Staal in neutral zone.
3:57 of 1st period - Off-side.
3:58 of 1st period - Bryan Little wins face-off versus Eric Staal in neutral zone.
4:01 of 1st period - Eric Staal is hit by Mikkel Boedker and loses puck.
4:23 of 1st period - Slapshot by Erik Johnson.
4:23 of 1st period - Stopped by Jimmy Howard with a rebound.
4:35 of 1st period - Snap shot by Bryan Little.
4:35 of 1st period - Stopped by Pekka Rinne with a rebound.
4:37 of 1st period - Backhand shot by Bryan Little.
4:37 of 1st period - Stopped by Pekka Rinne with a rebound.
4:53 of 1st period - Wrist shot by Bryan Little.
4:53 of 1st period - Shot Misses the Net.
5:05 of 1st period - Slapshot by Mikkel Boedker.
5:05 of 1st period - Shot Misses the Net.
5:07 of 1st period - Slapshot by Jack Johnson.
5:07 of 1st period - Stopped by Pekka Rinne with a rebound.
5:09 of 1st period - Slapshot by Marc Staal.
5:09 of 1st period - Shot Blocked by Joe Corvo.
5:11 of 1st period - Wrist shot by Jack Johnson.
5:11 of 1st period - Shot Misses the Net.
5:31 of 1st period - Snap shot by Bryan Little.
5:31 of 1st period - Shot Blocked by Joe Corvo.
5:33 of 1st period - Wrist shot by Brandon Yip.
5:33 of 1st period - Stopped by Pekka Rinne without a rebound.
5:34 of 1st period - Corey Perry wins face-off versus Eric Staal in Flames zone.
5:37 of 1st period - Slapshot by Corey Perry.
5:37 of 1st period - Stopped by Pekka Rinne with a rebound.
5:39 of 1st period - Slapshot by Corey Perry.
5:39 of 1st period - Stopped by Pekka Rinne without a rebound.
5:40 of 1st period - Mike Comrie wins face-off versus Eric Staal in Flames zone.
6:27 of 1st period - Snap shot by Patrik Berglund.
6:27 of 1st period - Shot Misses the Net.
8:20 of 1st period - Slapshot by Mikkel Boedker.
8:20 of 1st period - Stopped by Pekka Rinne with a rebound.
9:12 of 1st period - Snap shot by Jordin Tootoo.
9:12 of 1st period - Stopped by Jimmy Howard without a rebound.
9:13 of 1st period - Marcel Goc wins face-off versus Mike Comrie in Avalanche zone.
10:25 of 1st period - Wrist shot by Brandon Yip.
10:25 of 1st period - Shot Misses the Net.
10:39 of 1st period - Snap shot by Eric Staal.
10:39 of 1st period - Shot Blocked by Shane O'Brien.
10:41 of 1st period - Backhand shot by Ron Hainsey.
10:41 of 1st period - Stopped by Jimmy Howard without a rebound.
10:42 of 1st period - Eric Staal wins face-off versus Mike Comrie in Avalanche zone.
10:47 of 1st period - Wrist shot by Eric Staal.
10:47 of 1st period - Stopped by Jimmy Howard with a rebound.
10:49 of 1st period - Slapshot by Derek Meech.
10:49 of 1st period - Shot Misses the Net.
10:51 of 1st period - Snap shot by Ron Hainsey.
10:51 of 1st period - Shot Blocked by Jack Johnson.
10:53 of 1st period - Slapshot by Alexander Semin.
10:53 of 1st period - Stopped by Jimmy Howard without a rebound.
10:54 of 1st period - Eric Staal wins face-off versus Mike Comrie in Avalanche zone.
11:21 of 1st period - Derek Meech is hit by Ryan Getzlaf and loses puck.
11:46 of 1st period - Snap shot by Mark Bell.
11:46 of 1st period - Shot Misses the Net.
11:48 of 1st period - Snap shot by Marcel Goc.
11:48 of 1st period - Stopped by Jimmy Howard without a rebound.
11:49 of 1st period - Eric Staal wins face-off versus Corey Perry in Avalanche zone.
12:00 of 1st period - Off-side.
12:01 of 1st period - Eric Staal wins face-off versus Mike Comrie in neutral zone.
12:14 of 1st period - Wrist shot by Alexander Semin.
12:14 of 1st period - Shot Blocked by Marc Staal.
12:26 of 1st period - Mikkel Boedker is hit by Steve Regier and loses puck.
12:35 of 1st period - Wrist shot by Mikkel Boedker.
12:35 of 1st period - Shot Misses the Net.
13:01 of 1st period - Snap shot by Mark Bell.
13:01 of 1st period - Stopped by Jimmy Howard without a rebound.
13:02 of 1st period - Eric Staal wins face-off versus Mike Comrie in Avalanche zone.
13:05 of 1st period - Backhand shot by Eric Staal.
13:05 of 1st period - Shot Misses the Net.
13:11 of 1st period - Slapshot by Jack Johnson.
13:11 of 1st period - Stopped by Pekka Rinne without a rebound.
13:12 of 1st period - Mike Comrie wins face-off versus Eric Staal in Flames zone.
13:31 of 1st period - Wrist shot by Corey Perry.
13:31 of 1st period - Shot Misses the Net.
13:37 of 1st period - Slapshot by Ryan Smyth.
13:37 of 1st period - Shot Misses the Net.
13:45 of 1st period - Snap shot by Corey Perry.
13:45 of 1st period - Stopped by Pekka Rinne without a rebound.
13:46 of 1st period - Bryan Little wins face-off versus Marcel Goc in Flames zone.
14:30 of 1st period - Wrist shot by Alexander Semin.
14:30 of 1st period - Shot Misses the Net.
14:32 of 1st period - Snap shot by Eric Staal.
14:32 of 1st period - Goal by Eric Staal - Avalanche : 0 - Flames : 1.
14:33 of 1st period - Mike Comrie wins face-off versus Marcel Goc in neutral zone.
14:38 of 1st period - Wrist shot by Mike Comrie.
14:38 of 1st period - Stopped by Pekka Rinne with a rebound.
14:58 of 1st period - Sergei Gonchar is hit by Alexander Semin and loses puck.
15:07 of 1st period - Wrist shot by Bryan Little.
15:07 of 1st period - Stopped by Pekka Rinne with a rebound.
15:09 of 1st period - Slapshot by Marc Staal.
15:09 of 1st period - Stopped by Pekka Rinne with a rebound.
15:41 of 1st period - Off-side.
15:42 of 1st period - Brad Marchand wins face-off versus Nick Palmieri in neutral zone.
15:50 of 1st period - Craig Adams is hit by Nick Palmieri and loses puck.
16:07 of 1st period - Snap shot by Jordin Tootoo.
16:07 of 1st period - Shot Misses the Net.
16:09 of 1st period - Snap shot by Ron Hainsey.
16:09 of 1st period - Deflect By Marcel Goc.
16:09 of 1st period - Deflect By Sergei Gonchar.
16:09 of 1st period - Stopped by Jimmy Howard without a rebound.
16:10 of 1st period - Marcel Goc wins face-off versus Mike Comrie in Avalanche zone.
16:13 of 1st period - Snap shot by Marcel Goc.
16:13 of 1st period - Shot Misses the Net.
16:15 of 1st period - Snap shot by Filip Kuba.
16:15 of 1st period - Stopped by Jimmy Howard with a rebound.
16:17 of 1st period - Slapshot by Filip Kuba.
16:17 of 1st period - Shot Blocked by Pernell Karl Subban.
16:19 of 1st period - Snap shot by Steve Eminger.
16:19 of 1st period - Stopped by Jimmy Howard without a rebound.
16:20 of 1st period - Mike Comrie wins face-off versus Eric Staal in Avalanche zone.
17:32 of 1st period - Joe Corvo is hit by Jack Johnson and loses puck.
18:27 of 1st period - Wrist shot by Ryan Getzlaf.
18:27 of 1st period - Stopped by Pekka Rinne with a rebound.
18:58 of 1st period - Icing by Ron Hainsey.
18:59 of 1st period - Mike Comrie wins face-off versus Colin Wilson in Flames zone.
19:04 of 1st period - Wrist shot by Corey Perry.
19:04 of 1st period - Stopped by Pekka Rinne with a rebound.
19:32 of 1st period - Snap shot by David Backes.
19:32 of 1st period - Shot Blocked by Jack Johnson.
19:34 of 1st period - Snap shot by Alexander Semin.
19:34 of 1st period - Stopped by Jimmy Howard with a rebound.
Goals for this period are 0 for Avalanche vs 1 for Flames.
Shots for this period are 14 for Avalanche vs 14 for Flames.

2nd period


0:01 of 2nd period - Mike Comrie wins face-off versus Eric Staal in neutral zone.
0:10 of 2nd period - Snap shot by Mike Comrie.
0:10 of 2nd period - Stopped by Pekka Rinne with a rebound.
0:12 of 2nd period - Slapshot by Pernell Karl Subban.
0:12 of 2nd period - Stopped by Pekka Rinne with a rebound.
0:14 of 2nd period - Slapshot by Pernell Karl Subban.
0:14 of 2nd period - Stopped by Pekka Rinne without a rebound.
0:15 of 2nd period - Marcel Goc wins face-off versus Bryan Little in Flames zone.
0:42 of 2nd period - Corey Perry is hit by Eric Staal and loses puck.
1:02 of 2nd period - Off-side.
1:03 of 2nd period - Ryan Getzlaf wins face-off versus Patrik Berglund in neutral zone.
1:08 of 2nd period - Slapshot by Marc Staal.
1:08 of 2nd period - Stopped by Pekka Rinne with a rebound.
1:10 of 2nd period - Wrist shot by Ryan Getzlaf.
1:10 of 2nd period - Shot Misses the Net.
1:28 of 2nd period - Ryan Smyth is hit by Alexander Semin and loses puck.
1:48 of 2nd period - Off-side.
1:49 of 2nd period - Brad Marchand wins face-off versus Bryan Little in neutral zone.
1:49 of 2nd period - Brad Marchand is hit by Mikkel Boedker.
1:55 of 2nd period - Slapshot by Filip Kuba.
1:55 of 2nd period - Shot Blocked by Sergei Gonchar.
2:15 of 2nd period - Nick Palmieri is hit by Alexander Semin and loses puck.
2:24 of 2nd period - Snap shot by Max Pacioretty.
2:24 of 2nd period - Stopped by Pekka Rinne with a rebound.
2:45 of 2nd period - Snap shot by Mark Bell.
2:45 of 2nd period - Shot Blocked by Mike Comrie.
2:47 of 2nd period - Minor Penalty to Pernell Karl Subban for Cross-checking.
2:48 of 2nd period - David Backes wins face-off versus Mike Comrie in Avalanche zone.
4:47 of 2nd period - Penalty to Pernell Karl Subban is over, Pernell Karl Subban is back on ice.
7:00 of 2nd period - Wrist shot by Michal Handzus.
7:00 of 2nd period - Shot Misses the Net.
7:02 of 2nd period - Snap shot by Michal Handzus.
7:02 of 2nd period - Deflect By Marcel Goc.
7:02 of 2nd period - Stopped by Pekka Rinne without a rebound.
7:03 of 2nd period - Michal Handzus wins face-off versus Marcel Goc in Flames zone.
7:33 of 2nd period - Snap shot by Mike Comrie.
7:33 of 2nd period - Stopped by Pekka Rinne with a rebound.
7:38 of 2nd period - Minor Penalty to Bryan Little for Holding Stick.
7:39 of 2nd period - Eric Staal wins face-off versus Mike Comrie in Avalanche zone.
8:04 of 2nd period - Marc Staal is hit by Patrik Berglund and loses puck.
9:38 of 2nd period - Penalty to Bryan Little is over, Bryan Little is back on ice.
10:27 of 2nd period - Colin Wilson is hit by Chuck Kobasew and loses puck.
10:40 of 2nd period - Filip Kuba is hit by Bryan Little and loses puck.
11:13 of 2nd period - Slapshot by Michal Handzus.
11:13 of 2nd period - Deflect By Max Pacioretty.
11:13 of 2nd period - Stopped by Pekka Rinne with a rebound.
11:37 of 2nd period - Wrist shot by Milan Hejduk.
11:37 of 2nd period - Goal by Milan Hejduk - Avalanche : 0 - Flames : 2.
11:38 of 2nd period - Mike Comrie wins face-off versus David Backes in neutral zone.
11:40 of 2nd period - Off-side.
11:41 of 2nd period - Eric Staal wins face-off versus Mike Comrie in neutral zone.
11:55 of 2nd period - Off-side.
11:56 of 2nd period - Brandon Yip wins face-off versus Marcel Goc in neutral zone.
12:52 of 2nd period - Slapshot by Andrew Ladd.
12:52 of 2nd period - Stopped by Pekka Rinne with a rebound.
13:40 of 2nd period - Brandon Yip is hit by Jordin Tootoo and loses puck.
13:53 of 2nd period - Slapshot by Corey Perry.
13:53 of 2nd period - Shot Blocked by Derek Meech.
13:55 of 2nd period - Snap shot by Ryan Smyth.
13:55 of 2nd period - Stopped by Pekka Rinne with a rebound.
13:59 of 2nd period - Snap shot by Mike Comrie.
13:59 of 2nd period - Shot Hit the Post.
14:01 of 2nd period - Slapshot by Randy Jones.
14:01 of 2nd period - Shot Blocked by Derek Meech.
14:03 of 2nd period - Snap shot by Corey Perry.
14:03 of 2nd period - Goal by Corey Perry - Avalanche : 1 - Flames : 2.
14:04 of 2nd period - Mike Comrie wins face-off versus Eric Staal in neutral zone.
14:22 of 2nd period - Minor Penalty to Alexander Semin for Roughing.
14:23 of 2nd period - Eric Staal wins face-off versus Ryan Getzlaf in Flames zone.
14:33 of 2nd period - Slapshot by Jack Johnson.
14:33 of 2nd period - Shot Misses the Net.
16:22 of 2nd period - Penalty to Alexander Semin is over, Alexander Semin is back on ice.
16:37 of 2nd period - Snap shot by Alexander Semin.
16:37 of 2nd period - Stopped by Jimmy Howard without a rebound.
16:38 of 2nd period - Patrik Berglund wins face-off versus Ryan Getzlaf in Avalanche zone.
16:41 of 2nd period - Slapshot by Milan Hejduk.
16:41 of 2nd period - Shot Misses the Net.
16:43 of 2nd period - Snap shot by Patrik Berglund.
16:43 of 2nd period - Shot Blocked by Shane O'Brien.
16:45 of 2nd period - Wrist shot by Milan Hejduk.
16:45 of 2nd period - Shot Blocked by Andrew Ladd.
16:54 of 2nd period - Minor Penalty to Ryan Getzlaf for Hooking.
16:55 of 2nd period - Eric Staal wins face-off versus Mike Comrie in Avalanche zone.
17:06 of 2nd period - Snap shot by Eric Staal.
17:06 of 2nd period - Stopped by Jimmy Howard with a rebound.
17:08 of 2nd period - Backhand shot by Erik Johnson.
17:08 of 2nd period - Deflect By Alexander Semin.
17:08 of 2nd period - Shot Misses the Net.
17:08 of 2nd period - Puck is out of play.
17:09 of 2nd period - Eric Staal wins face-off versus Mike Comrie in Avalanche zone.
17:18 of 2nd period - Snap shot by Eric Staal.
17:18 of 2nd period - Shot Misses the Net.
17:20 of 2nd period - Snap shot by Eric Staal.
17:20 of 2nd period - Shot Misses the Net.
17:22 of 2nd period - Wrist shot by Alexander Semin.
17:22 of 2nd period - Shot Misses the Net.
17:24 of 2nd period - Wrist shot by Eric Staal.
17:24 of 2nd period - Stopped by Jimmy Howard with a rebound.
17:38 of 2nd period - Snap shot by Erik Johnson.
17:38 of 2nd period - Shot Misses the Net.
18:04 of 2nd period - Mark Bell is hit by Randy Jones and loses puck.
18:54 of 2nd period - Penalty to Ryan Getzlaf is over, Ryan Getzlaf is back on ice.
19:06 of 2nd period - Andrew Ladd is hit by Brad Marchand and loses puck.
19:21 of 2nd period - Steve Regier is hit by Nick Palmieri and loses puck.
Goals for this period are 1 for Avalanche vs 1 for Flames.
Shots for this period are 11 for Avalanche vs 4 for Flames.

3rd period


0:01 of 3rd period - Eric Staal wins face-off versus Mike Comrie in neutral zone.
0:04 of 3rd period - Mike Comrie is hit by David Backes and loses puck.
0:11 of 3rd period - Steve Eminger is hit by Mike Comrie and loses puck.
0:36 of 3rd period - Slapshot by Marcel Goc.
0:36 of 3rd period - Deflect By Mark Bell.
0:36 of 3rd period - Shot Misses the Net.
0:36 of 3rd period - Puck is out of play.
0:37 of 3rd period - Marcel Goc wins face-off versus Bryan Little in Avalanche zone.
0:50 of 3rd period - Slapshot by Brandon Yip.
0:50 of 3rd period - Goal by Brandon Yip - Avalanche : 2 - Flames : 2.
0:51 of 3rd period - Mike Comrie wins face-off versus Eric Staal in neutral zone.
0:56 of 3rd period - Backhand shot by Ryan Smyth.
0:56 of 3rd period - Shot Misses the Net.
1:06 of 3rd period - Snap shot by Eric Staal.
1:06 of 3rd period - Shot Misses the Net.
1:16 of 3rd period - Steve Eminger is hit by Bryan Little.
1:26 of 3rd period - Snap shot by Jordin Tootoo.
1:26 of 3rd period - Goal by Jordin Tootoo - Avalanche : 2 - Flames : 3.
1:27 of 3rd period - Eric Staal wins face-off versus Ryan Smyth in neutral zone.
2:02 of 3rd period - Off-side.
2:03 of 3rd period - Bryan Little wins face-off versus Eric Staal in neutral zone.
2:06 of 3rd period - Snap shot by Bryan Little.
2:06 of 3rd period - Shot Blocked by Ron Hainsey.
2:14 of 3rd period - Slapshot by David Backes.
2:14 of 3rd period - Stopped by Jimmy Howard without a rebound.
2:15 of 3rd period - Mike Comrie wins face-off versus Eric Staal in Avalanche zone.
2:29 of 3rd period - Snap shot by David Backes.
2:29 of 3rd period - Stopped by Jimmy Howard without a rebound.
2:30 of 3rd period - Marcel Goc wins face-off versus Bryan Little in Avalanche zone.
2:31 of 3rd period - Slapshot by Mark Bell.
2:31 of 3rd period - Shot Misses the Net.
2:39 of 3rd period - Snap shot by Marcel Goc.
2:39 of 3rd period - Stopped by Jimmy Howard without a rebound.
2:40 of 3rd period - Bryan Little wins face-off versus Marcel Goc in Avalanche zone.
2:40 of 3rd period - Bryan Little is hit by Marcel Goc.
2:45 of 3rd period - Marc Staal is hit by Jordin Tootoo and loses puck.
2:50 of 3rd period - Snap shot by Bryan Little.
2:50 of 3rd period - Stopped by Pekka Rinne without a rebound.
2:51 of 3rd period - Eric Staal wins face-off versus Mike Comrie in Flames zone.
2:56 of 3rd period - Snap shot by David Backes.
2:56 of 3rd period - Shot Blocked by Jack Johnson.
3:18 of 3rd period - Mark Bell is hit by Marc Staal.
3:53 of 3rd period - Minor Penalty to Milan Hejduk for Tripping.
3:54 of 3rd period - Ryan Getzlaf wins face-off versus Eric Staal in Flames zone.
3:56 of 3rd period - Wrist shot by Ryan Getzlaf.
3:56 of 3rd period - Goal by Ryan Getzlaf - Avalanche : 3 - Flames : 3.
3:57 of 3rd period - Mike Comrie wins face-off versus Eric Staal in neutral zone.
4:04 of 3rd period - Slapshot by Ryan Smyth.
4:04 of 3rd period - Stopped by Pekka Rinne without a rebound.
4:05 of 3rd period - Mike Comrie wins face-off versus Eric Staal in Flames zone.
4:09 of 3rd period - Minor Penalty to Filip Kuba for High sticking.
4:10 of 3rd period - Ryan Getzlaf wins face-off versus Eric Staal in Flames zone.
4:43 of 3rd period - Snap shot by Mikkel Boedker.
4:43 of 3rd period - Shot Blocked by Eric Staal.
4:57 of 3rd period - Snap shot by David Backes.
4:57 of 3rd period - Shot Blocked by Ryan Getzlaf.
5:56 of 3rd period - Max Pacioretty is hit by Joe Corvo and loses puck.
6:09 of 3rd period - Penalty to Filip Kuba is over, Filip Kuba is back on ice.
6:19 of 3rd period - Wrist shot by Chuck Kobasew.
6:19 of 3rd period - Goal by Chuck Kobasew - Avalanche : 4 - Flames : 3.
6:20 of 3rd period - Corey Perry wins face-off versus Marcel Goc in neutral zone.
6:35 of 3rd period - Wrist shot by Ryan Smyth.
6:35 of 3rd period - Stopped by Pekka Rinne without a rebound.
6:36 of 3rd period - Bryan Little wins face-off versus Eric Staal in Flames zone.
6:41 of 3rd period - Snap shot by Mikkel Boedker.
6:41 of 3rd period - Deflect By Brandon Yip.
6:41 of 3rd period - Shot Blocked by Steve Eminger.
6:41 of 3rd period - Puck is out of play.
6:42 of 3rd period - Eric Staal wins face-off versus Bryan Little in Flames zone.
6:59 of 3rd period - Filip Kuba is hit by Brandon Yip and loses puck.
7:10 of 3rd period - Snap shot by David Backes.
7:10 of 3rd period - Goal by David Backes - Avalanche : 4 - Flames : 4.
7:11 of 3rd period - Eric Staal wins face-off versus Mike Comrie in neutral zone.
7:22 of 3rd period - Snap shot by David Backes.
7:22 of 3rd period - Stopped by Jimmy Howard without a rebound.
7:23 of 3rd period - Eric Staal wins face-off versus Mike Comrie in Avalanche zone.
8:10 of 3rd period - Wrist shot by Bryan Little.
8:10 of 3rd period - Stopped by Pekka Rinne with a rebound.
8:58 of 3rd period - Wrist shot by Corey Perry.
8:58 of 3rd period - Stopped by Pekka Rinne with a rebound.
9:10 of 3rd period - Snap shot by David Backes.
9:10 of 3rd period - Shot Blocked by Mikkel Boedker.
9:12 of 3rd period - Minor Penalty to Bryan Little for Hooking.
9:13 of 3rd period - Mike Comrie wins face-off versus Eric Staal in Avalanche zone.
11:12 of 3rd period - Penalty to Bryan Little is over, Bryan Little is back on ice.
11:21 of 3rd period - Colin Wilson is hit by Ryan Smyth and loses puck.
11:32 of 3rd period - Slapshot by Colin Wilson.
11:32 of 3rd period - Goal by Colin Wilson - Avalanche : 4 - Flames : 5.
11:33 of 3rd period - Eric Staal wins face-off versus Brandon Yip in neutral zone.
11:44 of 3rd period - Slapshot by Alexander Semin.
11:44 of 3rd period - Shot Blocked by Shane O'Brien.
11:46 of 3rd period - Snap shot by Eric Staal.
11:46 of 3rd period - Goal by Eric Staal - Avalanche : 4 - Flames : 6.
11:47 of 3rd period - Mike Comrie wins face-off versus Eric Staal in neutral zone.
12:47 of 3rd period - Snap shot by Corey Perry.
12:47 of 3rd period - Stopped by Pekka Rinne without a rebound.
12:48 of 3rd period - David Backes wins face-off versus Bryan Little in Flames zone.
12:50 of 3rd period - Minor Penalty to Alexander Semin for Goalie Interference.
12:51 of 3rd period - Eric Staal wins face-off versus Max Pacioretty in Flames zone.
13:08 of 3rd period - Icing by Sergei Gonchar.
13:09 of 3rd period - Eric Staal wins face-off versus Bryan Little in Avalanche zone.
13:12 of 3rd period - Snap shot by Jordin Tootoo.
13:12 of 3rd period - Stopped by Jimmy Howard with a rebound.
13:32 of 3rd period - Slapshot by Mikkel Boedker.
13:32 of 3rd period - Shot Misses the Net.
13:34 of 3rd period - Wrist shot by Bryan Little.
13:34 of 3rd period - Goal by Bryan Little - Avalanche : 5 - Flames : 6.
13:35 of 3rd period - David Backes wins face-off versus Bryan Little in neutral zone.
13:48 of 3rd period - Wrist shot by Alexander Semin.
13:48 of 3rd period - Stopped by Jimmy Howard with a rebound.
14:04 of 3rd period - Icing by Jack Johnson.
14:05 of 3rd period - Mike Comrie wins face-off versus Patrik Berglund in Avalanche zone.
14:05 of 3rd period - Mike Comrie is hit by Milan Hejduk.
14:29 of 3rd period - Snap shot by Steve Regier.
14:29 of 3rd period - Stopped by Jimmy Howard without a rebound.
14:30 of 3rd period - Eric Staal wins face-off versus Bryan Little in Avalanche zone.
14:41 of 3rd period - Wrist shot by Alexander Semin.
14:41 of 3rd period - Shot Misses the Net.
14:43 of 3rd period - Snap shot by Eric Staal.
14:43 of 3rd period - Deflect By Brandon Yip.
14:43 of 3rd period - Shot Misses the Net.
14:43 of 3rd period - Puck is out of play.
14:44 of 3rd period - Ryan Getzlaf wins face-off versus Marcel Goc in Avalanche zone.
15:15 of 3rd period - Snap shot by Alexander Semin.
15:15 of 3rd period - Shot Misses the Net.
15:17 of 3rd period - Slapshot by Joe Corvo.
15:17 of 3rd period - Deflect By Eric Staal.
15:17 of 3rd period - Shot Misses the Net.
15:17 of 3rd period - Puck is out of play.
15:18 of 3rd period - Michal Handzus wins face-off versus Patrik Berglund in Avalanche zone.
15:18 of 3rd period - Michal Handzus is hit by Joe Corvo.
15:25 of 3rd period - Minor Penalty to Steve Regier for Slashing.
15:26 of 3rd period - Eric Staal wins face-off versus Ryan Getzlaf in Flames zone.
15:39 of 3rd period - Snap shot by Marc Staal.
15:39 of 3rd period - Shot Blocked by Eric Staal.
15:41 of 3rd period - Wrist shot by Ryan Smyth.
15:41 of 3rd period - Stopped by Pekka Rinne without a rebound.
15:42 of 3rd period - Bryan Little wins face-off versus Eric Staal in Flames zone.
15:43 of 3rd period - Slapshot by Mikkel Boedker.
15:43 of 3rd period - Stopped by Pekka Rinne without a rebound.
15:44 of 3rd period - Bryan Little wins face-off versus Eric Staal in Flames zone.
17:25 of 3rd period - Penalty to Steve Regier is over, Steve Regier is back on ice.
18:02 of 3rd period - Wrist shot by Brad Marchand.
18:02 of 3rd period - Stopped by Jimmy Howard without a rebound.
18:03 of 3rd period - Patrik Berglund wins face-off versus Michal Handzus in Avalanche zone.
18:12 of 3rd period - Snap shot by Max Pacioretty.
18:12 of 3rd period - Stopped by Pekka Rinne with a rebound.
18:18 of 3rd period - Max Pacioretty is hit by Milan Hejduk and loses puck.
18:41 of 3rd period - Snap shot by Michal Handzus.
18:41 of 3rd period - Shot Misses the Net.
18:45 of 3rd period - Avalanche, Jimmy Howard is pulled from the net.
18:52 of 3rd period - Minor Penalty to Derek Meech for Holding Stick.
18:53 of 3rd period - Ryan Getzlaf wins face-off versus Eric Staal in Flames zone.
19:09 of 3rd period - Eric Staal is hit by Jack Johnson and loses puck.
19:20 of 3rd period - Jordin Tootoo is hit by Bryan Little and loses puck.
Goals for this period are 4 for Avalanche vs 4 for Flames.
Shots for this period are 13 for Avalanche vs 12 for Flames.


Output by the SimonT Hockey Simulator (STHS) for François Prévost -- Original Page W3C XHTML 1.0 Valid
Hockey Simulator - Hockey Simulation - Hockey Manager